 Dungeon Crawl Stone Soup version 0.29.1-12-g30fa7ad0bf (webtiles) character file.

Game seed: 12689016735315878963

478 hawla the Chiller (level 7, -7/50 HPs)
             Began as a Meteoran Ice Elementalist on Dec 24, 2022.
             Was an Initiate of Vehumet.
             Mangled by Edmund
             ... wielding a +5 vorpal dire flail
              (8 damage)
             ... on level 5 of the Dungeon.
             The game lasted 00:12:26 (2284 turns).

hawla the Chiller (Meteoran Ice Elementalist)       Turns: 2284, Time: 00:12:27

Health: -7/50      AC:  3    Str: 10    XL:     7   Next: 60%
Magic:  10/14      EV: 12    Int: 26    God:    Vehumet [......]
Gold:   116        SH:  0    Dex: 13    Spells: 6/14 levels left

rFire   . . .      SeeInvis .   (no weapon)
rCold   + . .      Faith    .   (no shield)
rNeg    . . .      Spirit   .   a - +0 robe
rPois   .          Reflect  .   g - -1 helmet of Fanaticism {rC+ Regen+ rCorr Int+4}
rElec   .          Harm     .   (no cloak)
rCorr   +          Rampage  .   b - +0 pair of gloves
Will    .....                   (no boots)
Stlth   +.........              h - amulet of regeneration
HPRegen 0.00/turn               (no ring)
MPRegen 0.14/turn               (no ring)

@: freezing walls, inhibited regen, glowing
A: sense surroundings 1, otherworldly, glowing, explore regen, clever 1,
inhibited regeneration
a: Renounce Religion


You were on level 5 of the Dungeon.
You worshipped Vehumet.
Vehumet was noncommittal.
You visited 2 branches of the dungeon, and saw 7 of its levels.

You collected 172 gold pieces.
You spent 56 gold pieces at shops.

Inventory:

Armour
 a - a +0 robe (worn)
 b - a +0 pair of gloves (worn)
 g - the -1 helmet of Fanaticism (worn) {rC+ Regen+ rCorr Int+4}
   (You took it off Robin on level 2 of the Dungeon)

   Int:       It affects your intelligence (+4).
   rC:        It protects you from cold.
   Regen:     It increases your rate of health regeneration.
   rCorr:     It protects you from acid and corrosion.
 l - the +0 leather armour of Feasting {+Blink rPois}
   (You found it on level 6 of the Dungeon)

   rPois:     It protects you from poison.
   +Blink:    It lets you blink.
Jewellery
 h - an amulet of regeneration (around neck)
Wands
 j - a wand of flame (27) (quivered)
Scrolls
 e - a scroll of identify
 f - a scroll of fog
 i - a scroll of teleportation
Potions
 k - a potion of berserk rage {unknown}


   Skills:
 + Level 2.7 Dodging
 - Level 1.4 Stealth
 + Level 4.4 Spellcasting
 + Level 5.6 Conjurations
 + Level 6.0 Ice Magic
 + Level 2.0 Evocations


You had 6 spell levels left.
You knew the following spells:

 Your Spells              Type           Power      Damage    Failure   Level
a - Freeze                Ice            100%       1d11      1%          1
b - Frozen Ramparts       Ice            74%        1d12      1%          3
c - Hailstorm             Conj/Ice       36%        3d9       8%          4

Your spell library contained the following spells:

 Spells                   Type           Power      Damage    Failure   Level
 Ozocubu's Armour         Ice            37%        N/A       1%          3
 Apportation              Tloc           10%        N/A       9%          1
 Necrotise                Necr           20%        1d5       9%          1
 Summon Small Mammal      Summ           20%        N/A       9%          1
 Blink                    Tloc           10%        N/A       12%         2
 Portal Projectile        Hex/Tloc       10%        N/A       24%         3
 Fulminant Prism          Conj/Hex       10%        3d9       26%         4
 Iskenderun's Mystic Bla  Conj/Tloc      20%        2d6       26%         4
 Leda's Liquefaction      Hex/Erth       2%         N/A       63%         4
 Lee's Rapid Deconstruct  Erth           2%         3d6*      92%         5
 Lehudib's Crystal Spear  Conj/Erth      10%        10d4      100%        8


Dungeon Overview and Level Annotations

Branches:
Dungeon (6/15) Zot: 1320   Temple (1/1) D:5 Zot: 565

Altars:
Ashenzari
Cheibriados
Dithmenos
Elyvilon
Fedhas
Gozag
Hepliaklqana
Kikubaaqudgha
Makhleb
Nemelex Xobeh
Okawaru
Qazlal
Ru
Sif Muna
Trog
Uskayaw
Vehumet
Wu Jian
Xom
Yredelemnul
Zin
The Shining One

Shops:
D:2 !

Annotations:
D:3 Grinder
D:5 Edmund
D:6 Eustachio
Temple 2 transporters


Innate Abilities, Weirdness & Mutations

You passively map a small area around you.
You are easily found by Zot.
You glow in the dark.
You regain HP and MP as you explore.
Your mind is acute. (Int +4, Str/Dex -1)
You do not regenerate when monsters are visible.


Message History

The walls around you are covered in ice.
The wall freezes the scorpion.
The scorpion stings you.
The wall freezes Edmund but does no damage.
Edmund hits you with a +5 vorpal dire flail!
Casting: Frozen Ramparts (safe; 1% risk of failure)
Confirm with . or Enter, or press ? or * to list all spells.
Aiming: Freeze (safe; 1% risk of failure)
Press: ? - help, Shift-Dir - straight line, f - Edmund
Aim: Edmund, wielding a +5 vorpal dire flail and wearing a +1 chain mail of cold resistance (lightly wounded)
You freeze Edmund.
Edmund resists.
Edmund is moderately wounded.
The wall freezes the scorpion.
The scorpion barely misses you.
The wall freezes the scorpion!
You kill the scorpion!
Vehumet accepts your kill.
Edmund resists.
The wall freezes Edmund.
Edmund hits you with a +5 vorpal dire flail!
* * * LOW HITPOINT WARNING * * *
x2 Training target 2.0 for Evocations reached!
Your Evocations skill gained 2 levels and is now at level 2!
You need to enable at least one skill for training.
You feel better.
Edmund resists.
The wall freezes Edmund.
Edmund hits you with a +5 vorpal dire flail!
* * * LOW HITPOINT WARNING * * *
x2 You feel better.
Edmund resists.
The wall freezes Edmund.
Edmund misses you.
You feel better.
The wall freezes Edmund but does no damage.
Edmund hits you with a +5 vorpal dire flail!
* * * LOW HITPOINT WARNING * * *
x2 Unknown command.
Casting: Freeze (safe; 1% risk of failure)
Confirm with . or Enter, or press ? or * to list all spells.
Aiming: Freeze (safe; 1% risk of failure)
Press: ? - help, Shift-Dir - straight line, f/p - Edmund
Aim: Edmund, wielding a +5 vorpal dire flail and wearing a +1 chain mail of cold resistance (heavily wounded)
You freeze Edmund.
Edmund resists.
Edmund is heavily wounded.
Edmund resists.
The wall freezes Edmund.
Edmund hits you with a +5 vorpal dire flail!
You die...

, , , , , , #.# * , ,
,#.# , ,* , # #.# #!#.#
* #... ...#.##* *
####...#+#...... ,, ,
............##.####### *
...........<.+.@.......
, ,
.............##@#######
..................*
#...........##.##*
.##...........#...#
#.........##......##
.....#.......#.#...###
.......#...#.....#...###
....#....#....#....#...#


You could see Edmund.

Vanquished Creatures
  2 scorpions (D:5)
  2 hounds
  An orc priest (D:5)
  2 iguanas
  An orc wizard (D:5)
  Robin (D:2)
  3 river rats (D:3)
  7 adders
  A white imp (D:5)
  3 worms (D:3)
  The ghost of hawla the Chiller, a weakling MeIE (D:4)
  A dart slug (D:2)
  3 orcs
  3 endoplasms
  2 giant cockroaches
  10 goblins
  8 hobgoblins
  8 jackals
  3 quokkas
  7 ball pythons
  4 bats
  A frilled lizard (D:3)
  4 kobolds
  6 rats
84 creatures vanquished.

Notes
Turn   | Place    | Note
-------+----------+-------------------------------------------
     0 | D:1      | hawla the Meteoran Ice Elementalist began the quest for the
                  | Orb.
     0 | D:1      | Reached XP level 1. HP: 14/14 MP: 5/5
    26 | D:2      | Identified a scroll of acquirement
    26 | D:2      | Acquired the Lessons on the Non-Euclidean Lithosphere
    74 | D:3      | Reached XP level 2. HP: 18/20 MP: 0/6
   151 | D:3      | Reached skill level 5 in Ice Magic
   175 | D:3      | Reached XP level 3. HP: 21/26 MP: 5/8
   220 | D:3      | Noticed Grinder
   231 | D:3      | Paralysed by Grinder for 4 turns
   244 | D:2      | Learned a level 3 spell: Frozen Ramparts
   596 | D:2      | Reached XP level 4. HP: 33/33 MP: 5/9
   646 | D:2      | Found Jisom's Distillery.
   663 | D:2      | Identified the -1 helmet of Fanaticism {rC+ Regen+ rCorr
                  | Int+4}
   663 | D:2      | Noticed Robin
   678 | D:2      | Killed Robin
   689 | D:2      | Bought a potion of degeneration for 14 gold pieces
   689 | D:2      | Bought a potion of curing for 42 gold pieces
   709 | D:3      | Learned a level 4 spell: Hailstorm
   743 | D:3      | Reached XP level 5. HP: 36/38 MP: 4/11
  1108 | D:3      | Reached XP level 6. HP: 39/45 MP: 0/12
  1112 | D:3      | Gained mutation: Your mind is acute. (Int +4, Str/Dex -1)
                  | [potion of mutation]
  1112 | D:3      | Gained mutation: You do not regenerate when monsters are
                  | visible. [potion of mutation]
  1212 | D:4      | Found a runed translucent door.
  1212 | D:4      | Noticed hawla's ghost (weakling MeIE)
  1218 | D:4      | Killed hawla's ghost
  1471 | D:4      | Identified the +0 ring mail "Wigima" {-Tele Int+5}
  1555 | D:4      | Reached skill level 5 in Conjurations
  1707 | D:4      | Found an ancient bone altar of Kikubaaqudgha.
  1710 | D:4      | Found a burning altar of Makhleb.
  1713 | D:4      | Found a white marble altar of Elyvilon.
  1955 | D:5      | Entered Level 5 of the Dungeon
  2011 | D:5      | Reached XP level 7. HP: 37/50 MP: 9/13
  2026 | D:5      | Found a staircase to the Ecumenical Temple.
  2064 | Temple   | Entered the Ecumenical Temple
  2064 | Temple   | Found a transporter.
  2064 | Temple   | Found a transporter.
  2066 | Temple   | Found a transporter.
  2066 | Temple   | Found a transporter.
  2083 | Temple   | Became a worshipper of Vehumet
  2160 | D:5      | Reached skill level 6 in Ice Magic
  2252 | D:6      | Noticed Edmund
  2255 | D:6      | Identified the +0 leather armour of Feasting {+Blink rPois}
  2273 | D:6      | Noticed Eustachio
  2283 | D:5      | HP: 1/50 [Edmund/+5 vorpal dire flail (5)]
  2284 | D:5      | Mangled by Edmund

Illustrated notes

Levels and vault maps discovered:
D:1:      ebering_trefoil_twist, layout_basic, nicolae_ecumenical_lake_church,
          grunt_decor_resistance
D:2:      minmay_recursive_quarters, layout_basic, serial_shops, shop,
          minmay_misc_feat_ornament, uniq_robin
D:3:      layout_basic, lightli_sewer_entry_pipes, minmay_misc_feat_room,
          serial_park_tiny_1, uniq_grinder
D:4:      layout_gridville, grunt_temple_overflow_diamond, gammafunk_ghost_grave
D:5:      layout_basic, minmay_temple_entry_gardened_gates,
          nicolae_kite_square_tiling_tiny, uniq_crazy_yiuf_cottage
D:6:      layout_cave_pools, st_stairs_12, uniq_eustachio, uniq_maggie,
          uniq_edmund
Temple:   hellmonk_temple_divided_pantheon

Skill      XL: |  1  2  3  4  5  6  7 |
---------------+----------------------+-----
Ice Magic      | 5 6 |  6.0
Spellcasting   | 3 4 |  4.4
Conjurations   | 2 3 5 |  5.6
Evocations     | 2 |  2.0
Dodging        | |  2.7
Stealth        | |  1.4

Action                   |  1- 3 |  4- 6 |  7- 9 || total
-------------------------+-------+-------+-------++-------
Melee: Unarmed           |     5 |    51 |       ||    56
 Cast: Freeze            |    28 |    41 |    14 ||    83
       Frozen Ramparts   |     3 |    21 |     2 ||    26
       Hailstorm         |       |     1 |     3 ||     4
  Use: Scroll            |     2 |     3 |     2 ||     7
       Potion            |       |     2 |     4 ||     6
Armor: Robe              |     5 |    17 |     4 ||    26
Dodge: Dodged            |    22 |    42 |     8 ||    72
